 Dungeon Sprint DCSS version 0.19.0-19-g8c6edcc (webtiles) character file.

8851 equalderp2856 the Eviscerator (level 11, -7/78 HPs)
             Began as a Felid Fighter on Nov 12, 2016.
             Killed by divine providence
             ... invoked by Saint Roka
              (15 damage)
             ... in the Dungeon (Sprint IX: "|||||||||||||||||||||||||||||").
             The game lasted 00:49:26 (8305 turns).

equalderp2856 the Eviscerator (Felid Fighter)       Turns: 8305, Time: 00:49:26

Health: -7/78      AC:  3    Str: 22    XL:     11   Next: 15%
Magic:  4/26       EV: 34    Int: 11    God:
Gold:   896        SH:  0    Dex: 17    Spells: 8 memorised, 18 levels left
                                        Lives:  0   Deaths: 3

rFire  . . .     SeeInvis +       - Unarmed
rCold  + . .     Gourm    .     (armour unavailable)
rNeg   . . .     Faith    .     (shield unavailable)
rPois  .         Spirit   .     (helmet unavailable)
rElec  .         Reflect  .     (cloak unavailable)
rCorr  .         Harm     .     (gloves unavailable)
MR     +....     NoTele   +     (boots unavailable)
Stlth  ..........               (no amulet)
                                o - +2 ring of evasion
                                n - +3 ring of strength

@: mighty, berserking (expiring), very quick
A: no armour, no weapons or thrown items, stealth, claws 1, fangs 3, see
invisible, carnivore 3, speed 1, shaggy fur 3, slow metabolism 1, sharp paws
a: no special abilities


You were in the Dungeon.
You were not hungry.

You visited 1 branch You collected 1941 gold pieces.
You spent 1045 gold pieces at shops.

Inventory:

Jewellery
 n - a +3 ring of strength (left paw)
 o - a +2 ring of evasion (right paw)
 t - an uncursed ring of fire
 u - an uncursed ring of fire
 v - an uncursed ring of see invisible
 w - an uncursed ring of poison resistance
Wands
 m - a wand of iceblast (7/15)
Scrolls
 c - 3 scrolls of fog
 h - 3 scrolls of blinking
 k - 4 scrolls of remove curse
 l - 2 scrolls of amnesia
 p - a scroll of identify
 q - 2 scrolls of fear
 r - a scroll of recharging
Potions
 a - a potion of might
 e - 2 potions of haste
 f - 4 potions of magic
 g - a potion of berserk rage
 i - a potion of invisibility
 j - 7 potions of curing
 x - a potion of cure mutation
 z - 4 potions of heal wounds
 B - a potion of flight {unknown}
Books
 d - a book of Minor Magic

   Spells                             Type                      Level
   a - Magic Dart                     Conjuration                  1
   b - Blink                          Translocation                2
   c - Call Imp                       Summoning                    2
   d - Repel Missiles                 Charms/Air                   2
   e - Slow                           Hexes                        2
   f - Conjure Flame                  Conjuration/Fire             3
   g - Mephitic Cloud                 Conjuration/Poison/Air       3
 s - a book of Cantrips

   Spells                             Type                      Level
   a - Confusing Touch                Hexes                        1
   b - Animate Skeleton               Necromancy                   1
   c - Summon Small Mammal            Summoning                    1
   d - Apportation                    Translocation                1
 y - a book of Air

   Spells                             Type                      Level
   a - Shock                          Conjuration/Air              1
   b - Swiftness                      Charms/Air                   2
   c - Repel Missiles                 Charms/Air                   2
   d - Static Discharge               Conjuration/Air              3
   e - Lightning Bolt                 Conjuration/Air              5
 A - a book of Misfortune

   Spells                             Type                      Level
   a - Confusing Touch                Hexes                        1
   b - Confuse                        Hexes                        3
   c - Gell's Gravitas                Hexes/Translocation          3
   d - Petrify                        Transmutation/Earth          4
   e - Metabolic Englaciation         Hexes/Ice                    5
   f - Yara's Violent Unravelling     Hexes/Transmutation          5
Comestibles
 b - 11 meat rations


   Skills:
 + Level 8.6 Fighting
 + Level 16.7 Dodging
 + Level 15.4 Stealth
 + Level 22.3 Unarmed Combat
 * Level 10.9 Spellcasting
 + Level 3.8 Conjurations
 + Level 7.4 Hexes
 + Level 1.5 Necromancy
 + Level 5.3 Translocations
 + Level 4.2 Fire Magic


You had 18 spell levels left.
You knew the following spells:

 Your Spells              Type           Power        Failure   Level  Hunger
a - Magic Dart            Conj           ##..         2%          1    None
b - Blink                 Tloc           N/A          1%          2    None
c - Repel Missiles        Chrm/Air       #.....       21%         2    None
d - Slow                  Hex            ###.....     1%          2    None
e - Animate Skeleton      Necr           N/A          10%         1    None
f - Summon Small Mammal   Summ           #...         14%         1    None
g - Confusing Touch       Hex            ###...       1%          1    None
h - Conjure Flame         Conj/Fire      ##......     10%         3    ##.....


Dungeon Overview and Level Annotations

Branches:
Dungeon (1/1)

Altars:
Cheibriados
Dithmenos
Elyvilon
Fedhas
Gozag
Hepliaklqana
Kikubaaqudgha
Makhleb
Nemelex Xobeh
Okawaru
Qazlal
Ru
Sif Muna
Trog
Uskayaw
Vehumet
Xom
Yredelemnul
Zin
The Shining One
Beogh
Jiyva
Lugonu

Shops:
D }:(:

Annotations:
D Saint Roka


Innate Abilities, Weirdness & Mutations

You cannot wear armour.
You are incapable of wielding weapons or throwing items.
Your paws allow you to move quietly. (Stealth)
You have sharp claws.
You have razor-sharp teeth.
You have supernaturally acute eyesight. (SInv)
You are carnivorous and can eat meat at any time.
You cover ground quickly.
Your thick and shaggy fur keeps you warm. (AC +3, rC+)
You have a slow metabolism.
Your sharp claws are effective at attacking unaware monsters.


Message History

Beogh smites you!
Saint Roka mumbles some strange prayers to Beogh against you.
Beogh smites you!
* * * LOW HITPOINT WARNING * * *
You feel very mighty all of a sudden.
Okay, then.
A red film seems to cover your vision as you go berserk!
You feel yourself moving faster!
You feel mighty!
Saint Roka says, "I shall smite you and smash you."
You feel a strong urge to attack something.
Saint Roka calls down the wrath of Beogh upon you.
Beogh smites you!
* * * LOW HITPOINT WARNING * * *
You closely miss Saint Roka. Your claw misses Saint Roka.
Saint Roka is moderately wounded.
You mangle Saint Roka!!
Saint Roka is heavily wounded.
Saint Roka calls down the wrath of Beogh upon you.
Beogh smites you!
You die...

))))))))....)'[.....)..▓
▓▓▓▓▓▓▓▓▓▓▓▓▓▓▓▓▓▓▓▓▓▓▓▓
..))...................▓
♣♣♣♣♣♣♣♣▓▓▓▓▓▓▓▓▓▓▓▓▓▓.▓
i.....†'............t..▓
♣♣♣♣♣♣♣♣▓▓▓▓▓▓▓▓▓▓▓▓▓▓▓▓
o....).o...........o...▓
▓▓▓▓▓▓▓▓▓▓▓▓▓▓▓▓▓▓▓▓▓▓.▓
+......)...@oo....▓
▓▓▓▓▓▓▓▓▓▓▓▓▓▓▓▓▓▓▓


You could see Saint Roka and an orc.

Vanquished Creatures
  Rupert (D)
  A frost giant (D)
  Josephine (D)
  An ogre mage (D)
  A rakshasa (D)
  A hydra (D)
  A ghost crab (D)
  Erica (D)
  2 alligators (D)
  An orc high priest (D)
  A vampire mage (D)
  A spriggan druid (D)
  7 orc knights (D)
  2 oklob plants (D)
  2 orc sorcerers (D)
  Psyche (D)
  A black mamba (D)
  3 spiny frogs (D)
  A kobold demonologist (D)
  A tengu conjurer (D)
  4 komodo dragons (D)
  A yaktaur (D)
  3 trolls (D)
  A meliai (D)
  5 tyrant leeches (D)
  A blink frog (D)
  A polar bear (D)
  A slime creature (D)
  A dream sheep (D)
  2 hippogriffs (D)
  5 wraiths (D)
  2 basilisks (D)
  A yak (D)
  A vampire mosquito (D)
  A warg (D)
  A water moccasin (D)
  A porcupine (D)
  2 swamp drakes (D)
  16 orc warriors (D)
  A boggart (D)
  A centaur (D)
  A wolf (D)
  A bullfrog (D)
  A scorpion (D)
  2 killer bees (D)
  A jelly (D)
  2 crimson imps (D)
  3 orc priests (D)
  3 orc wizards (D)
  An adder (D)
  A shadow imp (D)
  4 worms (D)
  A leopard gecko (D)
  10 orcs (D)
  2 bat skeletons (D)
  A bat zombie (D)
  A giant cockroach (D)
  A hobgoblin (D)
  A jackal (D)
  A kobold (D)
  A bat (D)
  A rat (D)
123 creatures vanquished.

Vanquished Creatures (others)
  A spatial maelstrom (D)
1 creature vanquished.

Grand Total: 124 creatures vanquished

Notes
Turn   | Place    | Note
-------+----------+-------------------------------------------
     0 | D        | equalderp2856 the Felid Fighter began the quest for the Orb.
     0 | D        | Reached XP level 1. HP: 10/10 MP: 2/2
     0 | D        | Banished a spatial maelstrom
   272 | D        | Noticed a crimson imp
   292 | D        | Killed a crimson imp
   292 | D        | Reached skill level 5 in Dodging
   292 | D        | Reached skill level 6 in Unarmed Combat
   292 | D        | Reached XP level 2. HP: 9/15 MP: 3/3
   292 | D        | Reached XP level 3. HP: 11/18 MP: 4/4
   469 | D        | Found a roughly hewn altar of Beogh.
   469 | D        | Found a snail-covered altar of Cheibriados.
   469 | D        | Found a shadowy altar of Dithmenos.
   469 | D        | Found a white marble altar of Elyvilon.
   469 | D        | Found a blossoming altar of Fedhas.
   469 | D        | Found an opulent altar of Gozag.
   470 | D        | Found a hazy altar of Hepliaklqana.
   471 | D        | Found a viscous altar of Jiyva.
   472 | D        | Found an ancient bone altar of Kikubaaqudgha.
   473 | D        | Found a corrupted altar of Lugonu.
   474 | D        | Found a burning altar of Makhleb.
   475 | D        | Found a sparkling altar of Nemelex Xobeh.
   476 | D        | Found an iron altar of Okawaru.
   477 | D        | Found a stormy altar of Qazlal.
   478 | D        | Found a sacrificial altar of Ru.
   479 | D        | Found a deep blue altar of Sif Muna.
   480 | D        | Found a bloodstained altar of Trog.
   481 | D        | Found a hide-covered altar of Uskayaw.
   482 | D        | Found a radiant altar of Vehumet.
   483 | D        | Found a shimmering altar of Xom.
   484 | D        | Found a basalt altar of Yredelemnul.
   485 | D        | Found a glowing silver altar of Zin.
   486 | D        | Found a glowing golden altar of the Shining One.
   513 | D        | Noticed a killer bee
   513 | D        | Noticed a troll
   513 | D        | Noticed a scorpion
   519 | D        | Reached skill level 5 in Fighting
   519 | D        | Reached skill level 7 in Unarmed Combat
   519 | D        | Reached XP level 4. HP: 11/23 MP: 5/5
   519 | D        | HP: 1/23 [acid (7)]
   581 | D        | Reached skill level 8 in Unarmed Combat
   589 | D        | Reached skill level 9 in Unarmed Combat
   589 | D        | Reached XP level 5. HP: 22/27 MP: 6/6
   594 | D        | Slain by a troll
   595 | D        | Reached XP level 4. HP: -1/24 MP: 5/5
   661 | D        | Noticed a wraith
   661 | D        | Noticed a wraith
   661 | D        | Noticed a troll
   661 | D        | Noticed a hippogriff
   676 | D        | Killed a wraith
   676 | D        | Reached skill level 10 in Unarmed Combat
   676 | D        | Reached XP level 5. HP: 14/28 MP: 6/6
   684 | D        | Killed a wraith
   684 | D        | Reached skill level 11 in Unarmed Combat
   684 | D        | Gained mutation: You are covered in thick fur. (AC +2) [Felid growth]
   684 | D        | Reached XP level 6. HP: 14/31 MP: 7/7
   687 | D        | Killed a troll
   687 | D        | Reached skill level 10 in Dodging
   687 | D        | Reached skill level 12 in Unarmed Combat
   687 | D        | Reached XP level 7. HP: 8/36 MP: 8/8
   990 | D        | Killed a hippogriff
   990 | D        | Reached skill level 13 in Unarmed Combat
  1073 | D        | Killed a troll
  1073 | D        | Reached skill level 1 in Stealth
  1073 | D        | Reached skill level 14 in Unarmed Combat
  1073 | D        | Reached XP level 8. HP: 16/40 MP: 9/9
  1397 | D        | Noticed a komodo dragon
  1397 | D        | Noticed a hippogriff
  1397 | D        | Noticed a spiny frog
  1398 | D        | Noticed a blink frog
  1702 | D        | Killed a spiny frog
  1702 | D        | Reached skill level 15 in Unarmed Combat
  1739 | D        | Killed a hippogriff
  1835 | D        | Killed a komodo dragon
  1835 | D        | Reached XP level 9. HP: 30/44 MP: 10/10
  1894 | D        | Reached skill level 5 in Stealth
  1967 | D        | Noticed a spiny frog
  1968 | D        | Reached skill level 16 in Unarmed Combat
  1978 | D        | Killed a spiny frog
  2288 | D        | Noticed a komodo dragon
  2288 | D        | Noticed a komodo dragon
  2288 | D        | Noticed an oklob plant
  2288 | D        | Noticed an oklob plant
  2290 | D        | Killed an oklob plant
  2507 | D        | Noticed a polar bear
  2512 | D        | Killed an oklob plant
  2512 | D        | Reached skill level 17 in Unarmed Combat
  2531 | D        | Killed a komodo dragon
  2536 | D        | Killed a komodo dragon
  2536 | D        | Reached XP level 10. HP: 48/48 MP: 11/11
  2539 | D        | Reached skill level 15 in Dodging
  2560 | D        | Noticed a black mamba
  2577 | D        | Killed a black mamba
  2577 | D        | Reached skill level 18 in Unarmed Combat
  2631 | D        | Reached skill level 10 in Stealth
  3130 | D        | Noticed Erica
  3143 | D        | Killed Erica
  3147 | D        | Reached skill level 19 in Unarmed Combat
  3148 | D        | Noticed Josephine
  3161 | D        | Killed Josephine
  3628 | D        | Reached XP level 11. HP: 52/52 MP: 12/12
  3771 | D        | Noticed an orc sorcerer
  3779 | D        | Noticed an orc sorcerer
  3780 | D        | Killed an orc sorcerer
  3780 | D        | Reached skill level 20 in Unarmed Combat
  3781 | D        | Noticed an orc high priest
  3840 | D        | Killed an orc sorcerer
  3952 | D        | Killed an orc high priest
  4142 | D        | Found Samnit's Book Boutique.
  4142 | D        | Noticed an orc knight
  4142 | D        | Noticed an orc knight
  4142 | D        | Noticed an orc knight
  4270 | D        | Killed an orc knight
  4434 | D        | Killed an orc knight
  4469 | D        | Killed an orc knight
  4469 | D        | Reached skill level 21 in Unarmed Combat
  4486 | D        | Noticed an orc knight
  4518 | D        | Killed an orc knight
  4614 | D        | Found Vemnorio's Weapon Shop.
  4618 | D        | Found Qygrat's Book Boutique.
  4794 | D        | Found Faergh's Gadget Shop.
  4796 | D        | Noticed an orc knight
  4798 | D        | Noticed an orc knight
  4832 | D        | Killed an orc knight
  4832 | D        | Reached skill level 1 in Spellcasting
  4872 | D        | Killed an orc knight
  4880 | D        | Noticed an orc knight
  4891 | D        | Killed an orc knight
  5069 | D        | Bought a book of Minor Magic for 220 gold pieces
  5069 | D        | Bought a book of Cantrips for 220 gold pieces
  5082 | D        | Learned a level 1 spell: Magic Dart
  5085 | D        | Learned a level 2 spell: Blink
  5088 | D        | Learned a level 2 spell: Repel Missiles
  5091 | D        | Learned a level 2 spell: Slow
  5099 | D        | Learned a level 1 spell: Animate Skeleton
  5101 | D        | Learned a level 1 spell: Summon Small Mammal
  5898 | D        | Noticed a sixfirhy
  5957 | D        | Reached skill level 5 in Spellcasting
  6048 | D        | Reached skill level 1 in Hexes
  6182 | D        | Noticed an ogre mage
  6183 | D        | Noticed a vampire mage
  6186 | D        | Noticed a rakshasa
  6358 | D        | Bought a book of Air for 385 gold pieces
  6358 | D        | Bought a book of Misfortune for 220 gold pieces
  6472 | D        | Reached skill level 1 in Translocations
  6505 | D        | Killed an ogre mage
  6505 | D        | Reached skill level 5 in Hexes
  6505 | D        | Gained mutation: Your thick and shaggy fur keeps you warm. (AC +3, rC+) [Felid growth]
  6505 | D        | Reached XP level 12. HP: 56/56 MP: 22/22
  6536 | D        | Killed a vampire mage
  6665 | D        | Killed a rakshasa
  6672 | D        | Noticed a frost giant
  6737 | D        | Learned a level 1 spell: Confusing Touch
  6773 | D        | Killed from afar by a frost giant
  6774 | D        | Reached XP level 11. HP: -8/52 MP: 21/23
  6848 | D        | Learned a level 3 spell: Conjure Flame
  7224 | D        | Killed a frost giant
  7224 | D        | Reached skill level 1 in Fire Magic
  7517 | D        | Noticed Rupert
  7524 | D        | Killed Rupert
  7524 | D        | Reached skill level 15 in Stealth
  7524 | D        | Reached skill level 22 in Unarmed Combat
  7524 | D        | Reached skill level 1 in Necromancy
  7524 | D        | Reached skill level 5 in Translocations
  7573 | D        | Noticed an alligator
  7573 | D        | Noticed a ghost crab
  7574 | D        | Noticed a spriggan druid
  7575 | D        | Killed a ghost crab
  7658 | D        | Killed an alligator
  7697 | D        | Reached skill level 10 in Spellcasting
  7723 | D        | Killed a spriggan druid
  7762 | D        | Noticed an alligator
  7766 | D        | Noticed a five-headed hydra
  7775 | D        | Killed a five-headed hydra
  7775 | D        | Reached XP level 12. HP: 44/56 MP: 21/27
  7841 | D        | Killed an alligator
  7907 | D        | Killed from afar by a wind drake
  7908 | D        | Reached XP level 11. HP: -5/52 MP: 3/26
  7947 | D        | Noticed Psyche
  7954 | D        | Killed Psyche
  7964 | D        | Noticed Saint Roka
  8305 | D        | Killed from afar by Saint Roka

Skill      XL: |  1  2  3  4  5  6  7  8  9 10 11 12 |
---------------+-------------------------------------+-----
Fighting       | 4 5 6 7 8 |  8.6
Dodging        | 5 6 9 10 11 13 14 15 16 | 16.7
Unarmed Combat | 6 7 10 11 12 14 15 17 19 22 | 22.3
Stealth        | 1 4 8 11 15 | 15.4
Spellcasting   | 10 7 | 10.9
Hexes          | 7 6 |  7.4
Translocations | 5 3 |  5.3
Fire Magic     | 3 4 |  4.2
Conjurations   | 3 |  3.8
Necromancy     | 1 |  1.5

Action                   |  1- 3 |  4- 6 |  7- 9 | 10-12 || total
-------------------------+-------+-------+-------+-------++-------
Melee: Unarmed           |    38 |    40 |    71 |   341 ||   490
       Bite              |     2 |     7 |    14 |    39 ||    62
       Punch             |     1 |     2 |     7 |    47 ||    57
 Cast: Summon Small Mamm |       |       |       |    26 ||    26
       Conjure Flame     |       |       |       |    32 ||    32
       Magic Dart        |       |       |       |    13 ||    13
       Slow              |       |       |       |    10 ||    10
       Blink             |       |       |       |     7 ||     7
       Confusing Touch   |       |       |       |     3 ||     3
       Animate Skeleton  |       |       |       |     3 ||     3
       Repel Missiles    |       |       |       |     1 ||     1
  Use: Potion            |     2 |     1 |       |     3 ||     6
 Stab: Distracted        |       |       |     2 |    10 ||    12
       Sleeping          |       |       |     1 |     4 ||     5
       Confused          |       |       |       |     1 ||     1
  Eat: Chunk             |     1 |     2 |       |     4 ||     7
       Meat ration       |       |       |     1 |     1 ||     2
Armor: Skin              |     3 |     1 |     1 |     2 ||     7
Dodge: Dodged            |    25 |    38 |    65 |   189 ||   317
       Deflected         |       |       |       |     1 ||     1
